 Dungeon Crawl Stone Soup version 0.29-a0-393-g47a863cc1b (webtiles) character file.

Game seed: 5436979036937479761

30 bande the Shield-Bearer (level 3, -5/23 HPs)
             Began as a Gargoyle Fighter on May 10, 2022.
             Slain by Jessica
             ... wielding a +0 club
              (6 damage)
             ... on level 2 of the Dungeon.
             The game lasted 00:01:36 (1411 turns).

bande the Shield-Bearer (Gargoyle Fighter)          Turns: 1411, Time: 00:01:37

Health: -5/23      AC:  0    Str: 19    XL:     3   Next: 20%
Magic:  3/3        EV: 17    Int:  8    God:
Gold:   77         SH:  0    Dex: 16    Spells: 2/2 levels left

rFire   . . .      SeeInvis .   (weapon currently unavailable)
rCold   . . .      Faith    .   (shield currently unavailable)
rNeg    + . .      Spirit   .   (body armour currently unavailable)
rPois   ∞          Reflect  .   (helmet currently unavailable)
rElec   .          Harm     .   (cloak currently unavailable)
rCorr   .          Rampage  .   (gloves currently unavailable)
Will    .....                   (boots currently unavailable)
Stlth   +.........              (no amulet)
HPRegen 0.07/turn               (ring currently unavailable)
MPRegen 0.08/turn               (ring currently unavailable)

@: bat-form, flying, very quick
A: fast, flying, no casting, sickness immunity, AC +3, tiny, negative energy
resistance 1, (electricity resistance), torment resistance 1, petrification
resistance
a: no special abilities


You were on level 2 of the Dungeon.
You were a bat.
You visited 1 branch of the dungeon, and saw 2 of its levels.

You collected 77 gold pieces.

Inventory:

Hand Weapons
 a - a +0 war axe (melded)
 h - a +2 mace of holy wrath
Armour
 b - a +0 scale mail (melded)
 c - a +0 buckler (melded)
Scrolls
 e - 2 scrolls of noise {unknown}
 f - 5 scrolls of identify {unknown}
 g - a scroll of teleportation {unknown}
Potions
 d - a potion of might


   Skills:
 + Level 3.6 Fighting
 + Level 2.2 Axes
 + Level 3.7 Armour
 + Level 3.7 Shields


You had 2 spell levels left.
You didn't know any spells.
Your spell library contained the following spells:

 Spells                   Type           Power      Damage    Failure   Level
 Shock                    Conj/Air       0%         1d3       41%         1


Dungeon Overview and Level Annotations

Branches:
Dungeon (2/15)

Altars:

Annotations:
D:2 Jessica


Innate Abilities, Weirdness & Mutations

You are a bat.
You are tiny and dextrous.
You move quickly.
You are flying.
Your equipment is almost entirely melded.
You are incapable of wielding weapons or throwing items.
You cannot cast spells.
You are immune to sickness and miasma.
((Your stone body is resilient. (AC +3)))
You are immune to poison.
You resist negative energy. (rN+)
((You are resistant to electric shocks. (rElec)))
You are resistant to unholy torment.
You are immune to petrification.


Message History

You barely miss Jessica. Jessica casts a spell at you.
You are unaffected.
You hit Jessica.
Jessica is moderately wounded.
Jessica completely misses you. Jessica barely misses you.
You hit Jessica but do no damage.
Jessica is moderately wounded.
Jessica hits you with a +0 club.
You hit Jessica but do no damage.
Jessica is moderately wounded.
Jessica hits you with a +0 club. x2
* * * LOW HITPOINT WARNING * * *
You are too injured to fight recklessly!
You are too injured to fight recklessly!
You see here a hobgoblin corpse.
Jessica looks very angry.
An adder comes into view.
The adder hisses angrily.
A ball python comes into view.
A bat and a goblin come into view.
The goblin is wielding a +1 dagger of protection.
The goblin shouts!
You hear a shout!
The adder closely misses you.
The goblin moves out of view.
A hobgoblin comes into view.
The hobgoblin shouts!
Jessica mumbles some strange words.
Jessica blinks!
The adder closely misses you. The bat barely misses you.
Jessica casts a spell at you.
You barely resist.
The ball python hisses angrily.
Jessica casts a spell at you. Pain shoots through your body!
* * * LOW HITPOINT WARNING * * *
A hobgoblin comes into view.
The bat hits you.
* * * LOW HITPOINT WARNING * * *
Jessica hits you with a +0 club.
You die...

#####. ...... ###### ##
.## ..### ##########g.
#...# ##.Sbb.....#
###.# #....@.....#
....########..........#
###.##....§..#.gS..####
#.#..#######.....#
#.....## #......# #
###....# ..g......
.##...†#.# ..#.......
..#.##...... .#####


You could see an adder, Jessica (fast), 2 hobgoblins, a goblin, a bat and a ball
python.

Vanquished Creatures
  3 bats (D:1)
  2 endoplasms (D:1)
  A giant cockroach (D:1)
  4 goblins (D:1)
  2 hobgoblins
  2 jackals (D:1)
  2 quokkas (D:1)
  4 ball pythons
  A frilled lizard (D:1)
  3 kobolds
  4 rats
28 creatures vanquished.

Notes
Turn   | Place    | Note
-------+----------+-------------------------------------------
     0 | D:1      | bande the Gargoyle Fighter began the quest for the Orb.
     0 | D:1      | Reached XP level 1. HP: 14/14 MP: 1/1
   642 | D:1      | Reached XP level 2. HP: 19/19 MP: 2/2
   673 | D:1      | Found a faded altar of an unknown god.
   685 | D:1      | Got Plato's Disquisition on Attacks
   878 | D:1      | Reached XP level 3. HP: 20/23 MP: 3/3
  1376 | D:2      | Noticed Jessica
  1411 | D:2      | HP: 1/23 [bat (1)]
  1411 | D:2      | Slain by Jessica

Illustrated notes

Levels and vault maps discovered:
D:1:      dpeg_arrival_more_subterranean_lakeside_camping, layout_loops_cross,
          shapermc_ecumenical_altar_rom_forum
D:2:      layout_rooms, uniq_jessica

Skill      XL: |  1  2 |
---------------+-------+-----
Axes           | 2 |  2.2
Fighting       | |  3.6
Armour         | |  3.7
Shields        | |  3.7

Action                   || total
-------------------------++-------
Melee: War axe           ||    82
       Unarmed           ||     8
Armor: Scale mail        ||    56
Dodge: Dodged            ||    61
Block: Buckler           ||    25

Table legend: (Time is in decaauts)
 A = Elapsed time spent in this place.
 B = Non-inter-level travel time spent in this place.
 C = Inter-level travel time spent in this place.
 D = Time resting spent in this place.
 E = Time spent auto-exploring this place.
 F = Levels seen in this place.
 G = Mean time per level.
                   A        B        C        D        E       F      G
               +--------+--------+--------+--------+--------+-----+--------+
         Total |   1441 |   1414 |     27 |    425 |    720 |   2 |  720.5 |
       Dungeon |   1441 |   1414 |     27 |    425 |    720 |   2 |  720.5 |
               +--------+--------+--------+--------+--------+-----+--------+

Top non-repeatable levels by time:
     D:1: 1258 daAuts
     D:2: 183 daAuts
